 Dungeon Crawl Stone Soup version 0.21-a0-509-gecc5317 (webtiles) character file.

394 BingusPrime the Slasher (level 6, -4/46 HPs)
             Began as a Merfolk Skald on Nov 28, 2017.
             Slain by Edmund
             ... wielding a +4 flail of protection
              (13 damage)
             ... on level 4 of the Dungeon.
             The game lasted 00:16:55 (3524 turns).

BingusPrime the Slasher (Merfolk Skald)             Turns: 3524, Time: 00:16:56

Health: -4/46      AC:  3    Str: 11 (12) XL:     6   Next: 82%
Magic:  1/11       EV: 13    Int: 11 (12) God:
Gold:   136        SH:  0    Dex: 16 (18) Spells: 7/12 levels left

rFire    + . .     SeeInvis .   q - +2 falchion (slice)
rCold    . . .     Gourm    .   (no shield)
rNeg     . . .     Faith    .   b - +0 leather armour
rPois    .         Spirit   .   (no helmet)
rElec    .         Reflect  .   (no cloak)
rCorr    .         Harm     +   (no gloves)
MR       .....                  (no boots)
Stlth    ++........             l - amulet of harm
HPRegen  0.15/turn              m - ring of protection from fire
MPRegen  0.12/turn              p - +3 ring of dexterity

@: lethally poisoned (-4 -> -5), singing, flying, very slightly contaminated
A: change form in water, swift swim, stealthy swim
a: no special abilities


You were on level 4 of the Dungeon.
You were not hungry.

You visited 1 branch of the dungeon, and saw 4 of its levels.

You collected 136 gold pieces.

Inventory:

Hand Weapons
 a - a +0 falchion
 e - a +2 quarterstaff of crushing
 q - a +2 falchion of slicing (weapon)
 s - a +0 blowgun
 t - a +0 whip
Missiles
 j - 132 stones (quivered)
 u - 23 poisoned needles
Armour
 b - a +0 leather armour (worn)
Jewellery
 f - a +2 ring of intelligence {unknown}
 l - an amulet of harm (around neck)
 m - a ring of protection from fire (left hand)
 p - a +3 ring of dexterity (right hand)
 r - an uncursed ring of stealth {unknown}
Scrolls
 h - 2 scrolls of teleportation {unknown}
 x - a scroll of fog {unknown}
 y - a scroll of immolation {unknown}
Potions
 n - a potion of curing {unknown}
 v - a potion of invisibility {unknown}
Books
 c - a book of Battle

   Spells                             Type                      Level
   a - Infusion                       Charms                       1
   b - Shroud of Golubria             Charms/Translocation         2
   c - Song of Slaying                Charms                       2
   d - Spectral Weapon                Hexes/Charms                 3
   e - Regeneration                   Charms/Necromancy            3
 w - a book of Geomancy

   Spells                             Type                      Level
   a - Sandblast                      Earth                        1
   b - Passwall                       Transmutation/Earth          2
   c - Stone Arrow                    Conjuration/Earth            3
   d - Petrify                        Transmutation/Earth          4
   e - Lee's Rapid Deconstruction     Earth                        5
Comestibles
 d - 2 bread rations
 i - 2 royal jellies
 k - 2 meat rations
 o - a fruit


   Skills:
 + Level 2.7 Fighting
 + Level 4.8 Long Blades
 + Level 1.7 Armour
 + Level 3.1 Dodging
 + Level 1.0 Stealth
 + Level 3.6 Spellcasting
 + Level 4.3 Charms
 + Level 0.2 Translocations


You had 7 spell levels left.
You knew the following spells:

 Your Spells              Type           Power        Failure   Level  Hunger
a - Infusion              Chrm           ##..         5%          1    #......
b - Shroud of Golubria    Chrm/Tloc      #.........   19%         2    ###....
c - Song of Slaying       Chrm           ##......     9%          2    ###....


Dungeon Overview and Level Annotations

Branches:
Dungeon (4/15)
 Temple: D:4-7

Altars:
Vehumet

Annotations:
D:4 Edmund


Message History

Edmund misses you.
You riposte.
You hit Edmund but do no damage.
Edmund is lightly wounded.
You barely miss Edmund.
Edmund is lightly wounded.
Edmund closely misses you.
Casting: Song of Slaying
Confirm with . or Enter, or press ? or * to list all spells.
You miscast Shroud of Golubria.
Nothing appears to happen.
Edmund hits you with a flail of protection.
* * * LOW HITPOINT WARNING * * *
Your shroud falls apart!
Casting: Shroud of Golubria
Confirm with . or Enter, or press ? or * to list all spells.
You don't have enough magic to cast that spell.
You feel sick.
It was a potion of flight.
You feel very buoyant.
You fly up into the air.
You feel sick.
Edmund hits you with a flail of protection!
You die...

.........#..<.#.#
##...<..
............#.###
##.....
#.s..###.#..## #.....
#....#....#.# .
##.... ##.....#######
#.. #...#.
....##.##.#### ....
#..##.
.....#......s###
##..... #...##.
[.......#####..##...#
#..# ..
#......#..#..#Z@@.#
.... #.#
#...#.#########.###
... #. #...#[# ### #.
##....## #.
#.....#######. ##
###...........
##..........
#......##...
#......## #


You could see Edmund, a scorpion and an adder skeleton.

Vanquished Creatures
  A scorpion (D:3)
  A howler monkey (D:4)
  A crimson imp (D:3)
  A centaur zombie (D:3)
  2 orc wizards (D:3)
  A worker ant (D:4)
  9 adders
  2 oozes (D:3)
  2 worms
  2 leopard geckos
  7 orcs (D:3)
  6 goblins
  5 hobgoblins
  12 jackals
  2 quokkas (D:3)
  4 bats
  5 frilled lizards
  3 kobolds
  5 rats
71 creatures vanquished.

Notes
Turn   | Place    | Note
-------+----------+-------------------------------------------
     0 | D:1      | BingusPrime the Merfolk Skald began the quest for the Orb.
     0 | D:1      | Reached XP level 1. HP: 16/16 MP: 3/3
   216 | D:1      | Reached XP level 2. HP: 21/22 MP: 1/5
   220 | D:1      | Learned a level 2 spell: Shroud of Golubria
  1131 | D:2      | Reached XP level 3. HP: 27/27 MP: 0/6
  1584 | D:2      | Learned a level 2 spell: Song of Slaying
  1692 | D:2      | Reached XP level 4. HP: 27/33 MP: 3/8
  1806 | D:3      | Reached skill level 1 in Armour
  2101 | D:3      | Reached XP level 5. HP: 15/39 MP: 6/9
  2322 | D:3      | Noticed a necrophage
  2404 | D:3      | Reached XP level 6. HP: 16/46 MP: 1/10
  3001 | D:3      | Found a radiant altar of Vehumet.
  3484 | D:4      | Noticed Edmund
  3511 | D:4      | Reached skill level 1 in Stealth
  3524 | D:4      | Slain by Edmund

Vault maps used:
D:1:      minmay_arrival_nine_rooms, kennysheep_decorative_pillar
D:3:      lemuel_coloured_pillars_altar, lightli_corner_chamber
D:4:      serial_shops, shop, first_bread, uniq_edmund

Skill      XL: |  1  2  3  4  5  6 |
---------------+-------------------+-----
Long Blades    | 3 4 |  4.8
Armour         | 1 |  1.7
Charms         | 4 |  4.3
Dodging        | 3 |  3.1
Spellcasting   | 3 |  3.6
Stealth        | 1 |  1.0
Fighting       | |  2.7
Translocations | |  0.2

Action                   |  1- 3 |  4- 6 || total
-------------------------+-------+-------++-------
Melee: Falchion          |    60 |   120 ||   180
 Cast: Infusion          |    13 |     4 ||    17
       Shroud of Golubri |     2 |     8 ||    10
       Song of Slaying   |     1 |     9 ||    10
  Use: Scroll            |     1 |       ||     1
       Potion            |       |     3 ||     3
  Eat: Chunk             |     1 |     2 ||     3
       Bread ration      |     1 |       ||     1
       Royal jelly       |       |     1 ||     1
       Fruit             |       |     1 ||     1
Armor: Leather armour    |    13 |    21 ||    34
Dodge: Dodged            |    40 |   109 ||   149
       Rpst.: Falchion   |    15 |    38 ||    53

Table legend:
 A = Spawn XP
 B = Non-spawn XP
 C = Spawn XP percentage of total XP
 D = Spawn monster count
 E = Non-spawn monster count
 F = Spawn count percentage of total count
 G = Total turns spent on level
                    A         B        C        D         E        F      G
               +---------+---------+-------+---------+---------+-------+---------
         Total |       0 |     564 |   0.0 |       0 |      71 |   0.0 |  3524
               +---------+---------+-------+---------+---------+-------+---------
           D:1 |       0 |      25 |   0.0 |       0 |      17 |   0.0 |  1100
           D:2 |       0 |      75 |   0.0 |       0 |      14 |   0.0 |   698
           D:3 |       0 |     380 |   0.0 |       0 |      38 |   0.0 |  1625
           D:4 |       0 |      84 |   0.0 |       0 |       2 |   0.0 |   101
               +---------+---------+-------+---------+---------+-------+---------
